 Dungeon Crawl Stone Soup version 0.25-a0-356-g7c9d860b3b (webtiles) character file.

Game seed: 544790596791985301, levelgen mode: deterministic

41 Borgoz the Slasher (level 3, -9/22 HPs)
             Began as a Gargoyle Gladiator on Jan 3, 2020.
             Killed from afar by an orc wizard (13 damage)
             ... with a puff of flame
             ... on level 2 of the Dungeon.
             The game lasted 00:00:57 (485 turns).

Borgoz the Slasher (Gargoyle Gladiator)              Turns: 485, Time: 00:00:57

Health: -9/22      AC:  9    Str: 18    XL:     3   Next: 52%
Magic:  3/3        EV: 11    Int:  8    God:
Gold:   0          SH:  0    Dex: 11    Spells: 2/2 levels left

rFire    . . .     SeeInvis .   a - +0 long sword
rCold    . . .     Gourm    .   (no shield)
rNeg     + . .     Faith    .   e - +0 ring mail
rPois    ∞         Spirit   .   c - +0 helmet
rElec    +         Reflect  .   (no cloak)
rCorr    .         Harm     .   (no gloves)
MR       .....                  (no boots)
Stlth    +.........             (no amulet)
HPRegen  0.07/turn              (no ring)
MPRegen  0.08/turn              (no ring)

@: no status effects
A: negative energy resistance 1, electricity resistance, unbreathing,
petrification resistance, rot immunity, AC +3
a: no special abilities


You were on level 2 of the Dungeon.
You were not hungry.

You visited 1 branch of the dungeon, and saw 2 of its levels.

Inventory:

Hand Weapons
 a - a +0 long sword (weapon)
Missiles
 d - 3 throwing nets (quivered)
Armour
 c - a +0 helmet (worn)
 e - a +0 ring mail (worn)
Scrolls
 b - a scroll of identify
 h - a scroll of remove curse
Comestibles
 f - 2 rations


   Skills:
 + Level 2.8 Fighting
 * Level 3.4 Long Blades
 - Level 1.7 Throwing
 + Level 1.4 Armour
 - Level 2.4 Dodging


You had 2 spell levels left.
You didn't know any spells.
Your spell library was empty.

Dungeon Overview and Level Annotations

Branches:
Dungeon (2/15)

Altars:


Innate Abilities, Weirdness & Mutations

You are resistant to torment.
Your stone body is resilient. (AC +3)
You are immune to poison.
You resist negative energy. (rN+)
You are resistant to electric shocks. (rElec)
You can survive without breathing.
You are immune to petrification.
You are immune to rotting.


Message History

The kobold throws a stone.
The stone barely misses you.
The orc wizard mumbles some strange words.
The orc wizard blinks!
The kobold throws a stone.
The stone hits you but does no damage.
You barely miss something.
Something hits you but does no damage. x2
You closely miss something.
Something hits you but does no damage. x2
You closely miss something. Something hits you.
* * * LOW HITPOINT WARNING * * *
Something hits you but does no damage.
The orc wizard casts a spell.
The orc wizard blinks!
You miss something. Something hits you but does no damage. Something hits you.
* * * LOW HITPOINT WARNING * * *
All of the chunks of flesh in your inventory have rotted away.
You miss something.
You hear some strange, mumbled words.
A puff of flame appears from out of thin air!
The puff of flame hits you!
Ouch! That really hurt!
You die...

.... .....
....# ♣...♣
.....# ... ##
......##.##.#
.h...§......#
#.o....#
#Kho...#
##{###.# #@#
.# #†....#
......#
.......+
........#
#####..(...
.###... .#
?..


You could see an orc wizard, an orc, a jackal and a kobold.

Vanquished Creatures
  2 adders (D:2)
  3 bats (D:1)
  A giant cockroach (D:2)
  3 goblins
  4 hobgoblins (D:1)
  5 jackals
  2 frilled lizards (D:1)
  A rat (D:1)
21 creatures vanquished.

Notes
Turn   | Place    | Note
-------+----------+-------------------------------------------
     0 | D:1      | Borgoz the Gargoyle Gladiator began the quest for the Orb.
     0 | D:1      | Reached XP level 1. HP: 12/12 MP: 1/1
    61 | D:1      | Reached XP level 2. HP: 11/18 MP: 2/2
    67 | D:1      | Reached skill level 3 in Long Blades
   258 | D:1      | Reached skill level 1 in Armour
   432 | D:1      | You fall into a shaft and drop 1 floor!
   455 | D:2      | Reached XP level 3. HP: 22/22 MP: 3/3
   485 | D:2      | Killed from afar by an orc wizard

Levels and vault maps discovered:
D:1:      mainiacjoe_arrival_reflecting_pool, layout_basic,
          hangedman_decor_clover_reticule
D:2:      layout_basic, grunt_ministairs_7, minivault_27

Skill      XL: |  1  2 |
---------------+-------+-----
Long Blades    | 3 |  3.4
Armour         | 1 |  1.4
Fighting       | |  2.8
Throwing       | |  1.7
Dodging        | |  2.4

Action                   || total
-------------------------++-------
Melee: Long sword        ||    84
  Use: Potion            ||     1
       Scroll            ||     1
Armor: Ring mail         ||    34
       Skin              ||    73
Dodge: Dodged            ||    38
       Rpst.: Long sword ||    19

Table legend:
 A = Non-vault XP
 B = Vault XP
 C = Vault XP percentage of total XP
 D = Non-vault monster count
 E = Vault monster count
 F = Vault count percentage of total count
                 A         B        C        D         E       F
            +---------+---------+-------+---------+---------+-------
      Total |      57 |       2 |   3.4 |      20 |       1 |   4.8
            +---------+---------+-------+---------+---------+-------
        D:1 |      26 |       0 |   0.0 |      15 |       0 |   0.0
        D:2 |      31 |       2 |   6.1 |       5 |       1 |  16.7
            +---------+---------+-------+---------+---------+-------
